 Dungeon Crawl Stone Soup version 0.29.1-12-g30fa7ad0bf (webtiles) character file.

Game seed: 851082420263023382

2 ChrisAssaf the Stinger (level 1, 0/14 HPs)
             Began as a Draconian Venom Mage on Jan 18, 2023.
             Frozen to death by an endoplasm (2 damage)
             ... on level 1 of the Dungeon.
             The game lasted 00:00:42 (74 turns).

ChrisAssaf the Stinger (Draconian Venom Mage)         Turns: 74, Time: 00:00:42

Health: 0/14       AC:  4    Str: 10    XL:     1   Next: 25%
Magic:  0/3        EV: 12    Int: 15    God:
Gold:   0          SH:  0    Dex: 11    Spells: 3/4 levels left

rFire   . . .      SeeInvis .   (no weapon)
rCold   . . .      Faith    .   (no shield)
rNeg    . . .      Spirit   .   (body armour unavailable)
rPois   .          Reflect  .   (helmet restricted)
rElec   .          Harm     .   (no cloak)
rCorr   .          Rampage  .   (no gloves)
Will    .....                   (no boots)
Stlth   ++........              (no amulet)
HPRegen 0.04/turn               (no ring)
MPRegen 0.08/turn               (no ring)

@: no status effects
A: AC +4, unfitting armour, cold-blooded
a: no special abilities


You were on level 1 of the Dungeon.
You visited 1 branch of the dungeon, and saw 1 of its levels.

Inventory:

Potions
 a - a potion of magic


   Skills:
 * Level 1.7 Dodging
 * Level 1.8 Stealth
 * Level 2.0 Spellcasting
 * Level 1.0 Transmutations
 * Level 3.0 Poison Magic


You had 3 spell levels left.
You knew the following spells:

 Your Spells              Type           Power      Damage    Failure   Level
a - Sting                 Tmut/Pois      28%        1d4       10%         1

Your spell library contained the following spells:

 Spells                   Type           Power      Damage    Failure   Level
 Poisonous Vapours        Pois/Air       12%        N/A       19%         2
 Mephitic Cloud           Conj/Pois/Air  4%         N/A       41%         3
 Olgreb's Toxic Radiance  Pois           10%        N/A       52%         4


Dungeon Overview and Level Annotations

Branches:
Dungeon (1/15)

Altars:


Innate Abilities, Weirdness & Mutations

Your plain brown scales are hard. (AC +4)
You cannot fit into any form of body armour.
You are cold-blooded and may be slowed by cold attacks.


Message History

The endoplasm is moderately wounded.
The bat hits you but does no damage. The endoplasm freezes you.
You are frozen.
The endoplasm attacks as you move away! The endoplasm hits you.
* * * LOW HITPOINT WARNING * * *
The bat barely misses you. The bat attacks as you move away! The bat hits you.
* * * LOW HITPOINT WARNING * * *
The bat hits you.
* * * LOW HITPOINT WARNING * * *
The bat misses you. The bat barely misses you. The bat closely misses you.
The bat barely misses you. The bat hits you but does no damage.
The bat hits you but does no damage.
Okay, then.
The endoplasm attacks as you move away! The endoplasm barely misses you.
The bat attacks as you move away! The bat closely misses you.
The bat barely misses you. The bat barely misses you.
The bat hits you but does no damage. The bat closely misses you.
The bat attacks as you move away! The bat closely misses you.
The bat barely misses you. The bat closely misses you.
Aiming: Sting (safe; 10% risk of failure)
Press: ? - help, Q - select action Shift-Dir - straight line, f - bat, p - endoplasm
Aim: a bat (52% to hit)
The sting hits the bat.
The bat is poisoned.
The bat is heavily wounded.
The bat closely misses you. The bat hits you but does no damage.
The endoplasm hits you but does no damage.
The bat hits you but does no damage. The bat hits you but does no damage.
You kill the bat!
The endoplasm freezes you.
You are frozen.
You die...

###...............~≈
#..[..........~~~≈
##...........~.~~≈
#.8.....(...~~.≈≈
#..8...8...~~~~~≈
##.......<~~~~~≈≈
#.......~.~.~≈≈≈
##..J...~..~≈~≈≈≈
#..@.†~~.~.~~≈≈≈≈
#~~~~...~~≈~≈≈≈≈≈
#~~~~~.~≈~~≈≈≈≈≈≈
#~~~≈~~≈~≈≈≈≈≈≈≈≈
#≈≈≈≈≈≈≈≈≈≈≈≈≈≈≈≈
##############


You could see an endoplasm.

Vanquished Creatures
  A quokka (D:1)
  2 bats (D:1)
3 creatures vanquished.

Notes
Turn   | Place    | Note
-------+----------+-------------------------------------------
     0 | D:1      | ChrisAssaf the Draconian Venom Mage began the quest for the
                  | Orb.
     0 | D:1      | Reached XP level 1. HP: 14/14 MP: 3/3
    74 | D:1      | Frozen to death by an endoplasm

Illustrated notes

Levels and vault maps discovered:
D:1:      nicolae_arrival_washed_ashore, layout_rooms,
          shapermc_ecumenical_altar_acropolis, serial_co_window_serial,
          co_window_paths_a, co_window_corner_a, co_window_of_opportunity_a,
          co_window_paths_a, co_window_of_opportunity_a,
          co_window_of_opportunity_a, co_window_paths_b,
          co_window_of_opportunity_b, co_window_broadway_c,
          co_window_broadway_b, co_window_broadway_c

Action                   || total
-------------------------++-------
 Cast: Sting             ||     5
Armor: Skin              ||    12
Dodge: Dodged            ||    24
